Map: Blackpink LE

Players

Kas

  • Race: Terran Terran
  • Spawn Location: 1:00

Cure - Winner!

  • Race: Terran Terran
  • Spawn Location: 7:00

Event: IEM Season 12 - Katowice

VOD

Have the link to the VOD?

Description

Time

  • Played on: Feb. 27, 2018, 9:51 a.m.
  • Length: 11:11

All games in this series

Show
View Real Time Build Order
Export as new Build Order

Kas Terran 

Build Orders: Cyclone Opening, Gas First Reaper Expand, Reaper Expand, MMM Bio, Cyclone Timing 

Get SALT Encoding   

  12  0:00  SCV  
  13  0:13  SCV  
  14  0:17  Supply Depot  
  14  0:25  SCV  
  15  0:28  Refinery  
  15  0:39  SCV  
  16  0:44  Barracks  
  16  0:51  SCV  
  17  1:03  SCV  
  18  1:15  SCV  
  19  1:31  Reaper  
  19  1:32  Orbital Command  
  20  1:46  Command Center  
  20  1:56  Factory  
  20  2:00  SCV  
  21  2:06  Barracks Reactor  
  21  2:08  Refinery  
  21  2:14  SCV  
  22  2:19  Supply Depot  
  22  2:26  SCV  
  22  2:38  SCV  
  22  2:41  Cyclone  
  22  2:43  Marine x2  
  28  2:50  SCV  
  28  3:00  Orbital Command  
  28  3:01  Marine  
  28  3:02  SCV, Marine  
  31  3:11  Starport  
  34  3:20  Cyclone  
  34  3:24  SCV  
  34  3:25  SCV  
  36  3:29  Marine x2  
  38  3:36  Supply Depot  
  38  3:38  SCV  
  38  3:39  SCV  
  40  3:47  Marine x2  
  42  3:49  Medivac  
  42  3:50  SCV  
  42  3:53  SCV  
  46  3:58  Cyclone  
  46  4:02  SCV  
  50  4:05  SCV  
  50  4:06  Engineering Bay  
  51  4:14  SCV  
  51  4:16  Barracks Tech Lab  
  52  4:17  Supply Depot  
  52  4:18  SCV  
  53  4:26  SCV  
  53  4:29  Supply Depot  
  54  4:32  Missile Turret  
  54  4:33  Missile Turret  
  54  4:39  Viking  
  54  4:40  SCV, Marine  
  54  4:41  Factory Tech Lab  
  58  4:47  SCV  
  59  4:58  Marine  
  54  5:03  Siege Tank  
  51  5:10  SCV x2  
  40  5:15  Marine  
  40  5:22  SCV x2, Stimpack  
  40  5:25  Barracks  
  40  5:26  Barracks  
  42  5:32  Terran Infantry Weapons Level 1  
  42  5:33  Marine  
  42  5:34  SCV  
  44  5:38  SCV  
  45  5:45  Starport Reactor  
  45  5:49  Refinery  
  45  5:51  Marine  
  45  5:53  SCV x2  
  45  5:55  Siege Tank  
  51  6:05  SCV x2  
  51  6:09  Marauder  
  55  6:12  Marine  
  55  6:13  Marine  
  55  6:14  Marine  
  55  6:17  SCV x2  
  60  6:19  Supply Depot  
  60  6:20  Supply Depot  
  58  6:33  Marine x2, Marauder  
  58  6:34  Siege Tank, Marine  
  65  6:42  Medivac  
  65  6:45  SCV x2  
  69  6:51  Marine  
  65  6:56  Supply Depot, Command Center  
  65  6:57  SCV, Marine x2, Marauder  
  65  6:58  SCV  
  71  7:02  Refinery  
  71  7:05  Medivac  
  73  7:09  Marine  
  73  7:12  Supply Depot  
  73  7:13  Medivac  
  73  7:15  Marine  
  77  7:17  SCV x2  
  77  7:20  Barracks Tech Lab  
  77  7:21  Marauder  
  81  7:23  Combat Shields  
  81  7:27  Marine  
  81  7:29  SCV  
  83  7:33  Marine  
  83  7:35  Supply Depot  
  83  7:36  Supply Depot  
  84  7:39  SCV  
  84  7:40  Concussive Shells, Marauder  
  87  7:44  Marine  
  87  7:46  SCV  
  90  7:51  SCV  
  90  7:58  Siege Tank, Barracks x2, Marauder  
  92  8:03  Supply Depot  
  92  8:04  Marine  
  96  8:09  Orbital Command  
  96  8:18  Marauder  
  83  8:24  SCV  
  83  8:25  SCV, Terran Infantry Armor Level 1  
  83  8:27  Marine x2, Marauder  
  87  8:28  Medivac x2  
  87  8:33  Siege Tank  
  96  8:34  Orbital Command  
  96  8:36  SCV  
  96  8:37  SCV  
  98  8:46  Barracks Reactor, Marine, Barracks Tech Lab, Marauder  
  98  8:47  Marine, Liberator  
  102  8:49  SCV  
  102  8:50  SCV  
  104  9:00  SCV, Liberator  
  104  9:01  SCV  
  104  9:02  Marauder  
  108  9:06  Refinery  
  108  9:07  SCV, Refinery, Marauder  
  108  9:09  Supply Depot  
  114  9:11  Marauder  
  114  9:12  SCV  
  117  9:20  SCV x2  
  122  9:24  Marine x2  
  122  9:25  Marine x2, Marauder  
  122  9:28  Marauder  
  130  9:32  Starport  
  130  9:34  SCV  
  130  9:37  Factory Reactor  
  131  9:40  Supply Depot, Liberator  
  131  9:41  Supply Depot  
  131  9:43  Liberator  
  131  9:56  Command Center  
  104  10:07  Marine x3, Marauder x2  
  104  10:10  Marauder  
  108  10:20  Viking x2  
  110  10:30  Marauder x2  
  110  10:32  Marine x2  
  110  10:33  Marine  
  110  10:35  Marine x2  
  117  10:40  Viking  
Show
View Real Time Build Order
Export as new Build Order

Cure Terran - Winner!

Build Orders: Reaper Expand, Mech 

Get SALT Encoding   

  12  0:00  SCV  
  13  0:12  SCV  
  14  0:18  Supply Depot  
  14  0:25  SCV  
  15  0:39  SCV  
  15  0:42  Barracks  
  16  0:44  Refinery  
  16  0:51  SCV  
  17  1:04  SCV  
  18  1:16  SCV  
  19  1:29  Reaper, Orbital Command  
  20  1:43  Command Center  
  20  1:50  Refinery  
  20  1:54  SCV  
  20  1:58  Supply Depot  
  21  2:02  Reaper  
  21  2:07  SCV  
  23  2:19  SCV  
  24  2:23  Factory  
  23  2:31  SCV  
  23  2:35  Barracks Reactor  
  24  2:43  SCV  
  24  2:56  SCV, Orbital Command  
  25  3:08  SCV  
  26  3:13  Cyclone  
  26  3:14  Cyclone  
  32  3:20  SCV  
  32  3:21  SCV  
  32  3:25  Supply Depot  
  34  3:32  SCV  
  34  3:33  SCV  
  36  3:36  Command Center  
  36  3:46  Cyclone x2  
  42  3:49  SCV  
  42  3:51  SCV  
  44  3:57  Supply Depot  
  44  4:01  SCV  
  45  4:03  SCV  
  45  4:05  Refinery  
  45  4:07  Refinery  
  45  4:09  Engineering Bay  
  46  4:14  SCV  
  46  4:15  SCV  
  48  4:23  Cyclone x2  
  54  4:27  SCV x2  
  56  4:35  Missile Turret  
  56  4:39  Missile Turret  
  56  4:41  SCV x2  
  57  4:49  Orbital Command  
  57  4:53  SCV x2  
  57  4:56  Cyclone x2  
  62  5:05  SCV x2  
  51  5:16  Barracks Reactor  
  51  5:17  SCV x2  
  50  5:22  Factory  
  50  5:27  SCV  
  51  5:29  SCV x2  
  51  5:31  Orbital Command  
  51  5:33  Cyclone  
  51  5:34  Cyclone  
  59  5:42  SCV  
  60  5:43  SCV  
  60  5:48  Factory  
  61  5:54  SCV  
  61  5:55  SCV  
  63  5:58  Barracks Tech Lab  
  63  5:59  SCV  
  63  6:00  Starport  
  64  6:04  Refinery  
  64  6:06  Supply Depot  
  64  6:07  SCV x2  
  64  6:08  Hellion x2  
  70  6:16  SCV  
  71  6:19  SCV x2  
  71  6:22  Siege Tank, Refinery  
  71  6:24  Armory  
  73  6:35  SCV x3  
  73  6:37  Hellion x2  
  75  6:40  Viking x2  
  75  6:41  Factory Tech Lab  
  77  6:55  SCV x3  
  77  7:01  Supply Depot, Siege Tank  
  83  7:04  Supply Depot x2  
  83  7:06  Siege Tank  
  83  7:07  SCV x3  
  89  7:12  Terran Vehicle Weapons Level 1  
  89  7:19  Viking, SCV x2  
  93  7:23  Viking, SCV  
  93  7:25  Hellion x2  
  100  7:30  Supply Depot  
  100  7:31  Missile Turret  
  100  7:37  Sensor Tower  
  100  7:42  Missile Turret  
  100  7:43  Siege Tank  
  103  7:45  Missile Turret  
  103  7:46  Siege Tank  
  106  7:52  Hellion x2  
  110  7:58  Infernal Pre-Igniter  
  110  7:59  SCV x2  
  110  8:00  SCV  
  110  8:04  Missile Turret, Armory  
  113  8:08  Missile Turret  
  113  8:15  Siege Tank  
  113  8:19  Siege Tank  
  120  8:20  SCV x3  
  123  8:28  Supply Depot  
  123  8:30  Supply Depot, Medivac  
  123  8:31  Medivac  
  123  8:34  SCV x2  
  123  8:40  Supply Depot  
  125  8:48  Factory  
  125  8:50  SCV, Hellion x2  
  125  8:52  SCV x2  
  125  8:53  Missile Turret x2, Factory  
  125  8:55  Terran Vehicle And Ship Armor Level 1  
  132  8:56  Supply Depot  
  132  8:57  Supply Depot  
  132  9:12  Medivac x2  
  132  9:13  Hellion x3  
  132  9:14  Hellion  
  144  9:19  Missile Turret, Supply Depot x2  
  144  9:20  Missile Turret  
  142  9:28  Missile Turret x2  
  142  9:31  Missile Turret  
  142  9:33  Factory Tech Lab  
  142  9:36  Hellion x2, Siege Tank  
  142  9:37  Siege Tank  
  152  9:39  Factory Reactor  
  152  9:50  Command Center  
  152  9:52  Siege Tank  
  154  9:57  Hellion x2  
  158  10:07  Viking x2  
  152  10:09  Siege Tank x2  
  158  10:17  Supply Depot  
  158  10:19  Supply Depot  
  164  10:21  Hellion x4  
  164  10:24  Siege Tank  
  169  10:41  Hellion x3  
  169  10:45  Hellion x4  

Tags
 
Add a new tag
Caveats
  • Supply blocks, unpowered buildings, or Contaminate may cause inaccurate times.
  • Supply counts are checked every 10 seconds.